 Dungeon Crawl Stone Soup version 0.29-a0-653-gd47aff6735 (webtiles) character file.

Game seed: 16846044881825686157

511 ptdevnull the Ducker (level 7, 0/52 HPs)
             Began as a Gnoll Wanderer on June 21, 2022.
             Was a Priest of Qazlal.
             Slain by a killer bee (6 damage)
             ... on level 3 of the Dungeon.
             The game lasted 00:06:53 (4520 turns).

ptdevnull the Ducker (Gnoll Wanderer)               Turns: 4520, Time: 00:06:54

Health: 0/52       AC:  6    Str: 14    XL:     7   Next: 19%
Magic:  10/10      EV: 14    Int: 10    God:    Qazlal [***...]
Gold:   134        SH:  4    Dex: 12    Spells: 10/10 levels left

rFire   + . .      SeeInvis .   a - +2 spear
rCold   . . .      Faith    .   (no shield)
rNeg    . . .      Spirit   .   q - +1 leather armour {rF+}
rPois   .          Reflect  .   (no helmet)
rElec   .          Harm     .   t - +0 cloak
rCorr   .          Rampage  .   j - +0 pair of gloves
Will    .....                   (no boots)
Stlth   +.........              (no amulet)
HPRegen 0.17/turn               (no ring)
MPRegen 0.12/turn               (no ring)

@: lethally poisoned (0 -> -6)
A: fangs 1, strong nose, distributed training
a: Renounce Religion, Upheaval, Elemental Force


You were on level 3 of the Dungeon.
You worshipped Qazlal.
Qazlal was most pleased with you.
You visited 1 branch of the dungeon, and saw 4 of its levels.

You collected 134 gold pieces.

Inventory:

Hand Weapons
 a - a +2 spear (weapon)
Armour
 c - a +0 pair of gloves
 e - a +0 leather armour
 j - a +0 pair of gloves (worn)
 q - a +1 leather armour of fire resistance (worn)
 t - a +0 cloak (worn)
Scrolls
 b - a scroll of fog
 h - 4 scrolls of amnesia
 k - a scroll of poison
 l - 2 scrolls of fear {unknown}
 m - a scroll of torment {unknown}
 n - a scroll of enchant weapon {unknown}
 u - 4 scrolls of vulnerability
 v - a scroll of magic mapping {unknown}
Potions
 d - 3 potions of curing
 f - 3 potions of flight
 g - a potion of degeneration {unknown}
 i - 3 potions of heal wounds
 o - a potion of attraction {unknown}
 r - a potion of resistance {unknown}
 s - a potion of might {unknown}


   Skills:
 + Level 3.5 Fighting
 + Level 2.3 Short Blades
 + Level 2.3 Long Blades
 + Level 2.3 Axes
 + Level 2.3 Maces & Flails
 + Level 5.1 Polearms
 + Level 2.3 Staves
 + Level 2.3 Slings
 + Level 2.3 Bows
 + Level 2.3 Crossbows
 + Level 2.3 Throwing
 + Level 3.5 Armour
 + Level 7.0 Dodging
 + Level 2.3 Stealth
 + Level 2.3 Shields
 + Level 3.5 Unarmed Combat
 + Level 2.3 Spellcasting
 + Level 1.9 Conjurations
 + Level 1.9 Hexes
 + Level 1.9 Summonings
 + Level 1.9 Necromancy
 + Level 1.9 Translocations
 + Level 1.9 Transmutations
 + Level 1.9 Fire Magic
 + Level 1.9 Ice Magic
 + Level 1.9 Air Magic
 + Level 1.9 Earth Magic
 + Level 1.9 Poison Magic
 + Level 2.5 Invocations
 + Level 5.1 Evocations


You had 10 spell levels left.
You didn't know any spells.
Your spell library contained the following spells:

 Spells                   Type           Power      Damage    Failure   Level
 Call Canine Familiar     Summ           5%         N/A       45%         3
 Confusing Touch          Hex            5%         N/A       45%         3
 Portal Projectile        Hex/Tloc       10%        N/A       45%         3
 Leda's Liquefaction      Hex/Erth       2%         N/A       86%         4
 Yara's Violent Unravell  Hex/Tmut       2%         3d3       99%         5
 Enfeeble                 Hex            2%         N/A       100%        7


Dungeon Overview and Level Annotations

Branches:
Dungeon (4/15)
 Temple: D:4-7

Altars:
Cheibriados
Gozag
Hepliaklqana
Makhleb
Qazlal
The Shining One

Shops:
D:2 *


Innate Abilities, Weirdness & Mutations

You have very sharp teeth.
Your uncanny sense of smell can sniff out nearby items.
Your experience applies equally to all skills.


Message History

You barely miss the killer bee. Your bite misses the killer bee.
The killer bee is lightly wounded.
You feel sick.
The killer bee stings you but does no damage. x2
The killer bee closely misses you. The killer bee misses you.
The killer bee closely misses you.
The killer bee is struck by lightning.
The killer bee barely misses you.
You completely miss the killer bee.
The killer bee is lightly wounded.
You feel sick. The killer bee completely misses you.
The killer bee closely misses you. The killer bee stings you!
* * * LOW HITPOINT WARNING * * *
Unknown command.
You feel better. The killer bee closely misses you.
You block the killer bee's attack. The killer bee completely misses you.
The killer bee stings you but does no damage.
The killer bee is struck by lightning.
You kill the killer bee!
Qazlal accepts your kill.
The killer bee is struck by lightning.
You kill the killer bee!
Qazlal accepts your kill.
Your Dodging skill increases to level 7!
You have reached level 7!
You closely miss the killer bee. You block the killer bee's attack.
The killer bee stings you but does no damage.
You hit the killer bee. Your bite misses the killer bee.
The killer bee is moderately wounded.
The killer bee misses you. x2
You closely miss the killer bee. Your bite misses the killer bee.
The killer bee is moderately wounded.
The killer bee stings you.
* * * LOW HITPOINT WARNING * * *
You are lethally poisoned!
The killer bee poisons you! The killer bee completely misses you.
You miss the killer bee.
The killer bee is moderately wounded.
* * * LOW HITPOINT WARNING * * *
You feel sick. The killer bee stings you.
You die...

##......###############.....#
##......#...............###.#
##......#..............<#≈#.#
##......#...............#≈#.#
#......#...............#≈#.#
#.....)#..............).≈..#
#......#................≈..#
##......#................≈.##
.'......'......§@.###...#≈##
##......###....y§.#######≈#
.......##...........# ###
######..#...........#
##.#...........#
#.#...........# ##
#.#...........# ≈#
#.............# ≈####
##............#


You could see a killer bee.

Vanquished Creatures
  2 scorpions
  2 killer bees (D:3)
  Jessica (D:2)
  An iguana (D:4)
  Natasha (thrice) (D:3)
  5 adders
  2 worms
  4 dart slugs
  12 orcs
  7 ball pythons
  2 bats
  5 endoplasms
  7 giant cockroaches
  10 goblins
  8 hobgoblins
  7 jackals
  13 kobolds
  5 quokkas
  3 frilled lizards
  7 rats
106 creatures vanquished.

Notes
Turn   | Place    | Note
-------+----------+-------------------------------------------
     0 | D:1      | ptdevnull the Gnoll Wanderer began the quest for the Orb.
     0 | D:1      | ptdevnull set off with the following items: a +2 spear, a
                  | scroll of fog, a +0 pair of gloves, a potion of curing, a
                  | +0 leather armour.
     0 | D:1      | Reached XP level 1. HP: 17/17 MP: 1/1
    61 | D:1      | Reached XP level 2. HP: 22/23 MP: 2/2
   146 | D:1      | Found a faded altar of an unknown god.
   182 | D:1      | Prayed at the altar of an unknown god.
   182 | D:1      | Became a worshipper of Qazlal Stormbringer
   182 | D:1      | Reached * piety under Qazlal
   497 | D:1      | Reached XP level 3. HP: 23/28 MP: 3/3
   792 | D:1      | Reached ** piety under Qazlal
   857 | D:1      | Reached skill level 1 in Invocations
  1079 | D:1      | Reached skill level 1 in Short Blades
  1079 | D:1      | Reached skill level 1 in Long Blades
  1079 | D:1      | Reached skill level 1 in Axes
  1079 | D:1      | Reached skill level 1 in Maces & Flails
  1079 | D:1      | Reached skill level 1 in Staves
  1079 | D:1      | Reached skill level 1 in Slings
  1079 | D:1      | Reached skill level 1 in Bows
  1079 | D:1      | Reached skill level 1 in Crossbows
  1079 | D:1      | Reached skill level 1 in Throwing
  1079 | D:1      | Reached skill level 1 in Stealth
  1079 | D:1      | Reached skill level 1 in Shields
  1079 | D:1      | Reached skill level 1 in Spellcasting
  1275 | D:2      | Found Pibamm's Assorted Antiques.
  1367 | D:2      | Reached XP level 4. HP: 34/34 MP: 5/5
  1849 | D:2      | Noticed Jessica
  1858 | D:2      | Killed Jessica
  1859 | D:2      | Reached skill level 1 in Conjurations
  1859 | D:2      | Reached skill level 1 in Hexes
  1859 | D:2      | Reached skill level 1 in Summonings
  1859 | D:2      | Reached skill level 1 in Necromancy
  1859 | D:2      | Reached skill level 1 in Translocations
  1859 | D:2      | Reached skill level 1 in Transmutations
  1859 | D:2      | Reached skill level 1 in Fire Magic
  1859 | D:2      | Reached skill level 1 in Ice Magic
  1859 | D:2      | Reached skill level 1 in Air Magic
  1859 | D:2      | Reached skill level 1 in Earth Magic
  1859 | D:2      | Reached skill level 1 in Poison Magic
  2679 | D:3      | Reached XP level 5. HP: 27/40 MP: 6/6
  2975 | D:3      | Reached *** piety under Qazlal
  3079 | D:3      | Found a hazy altar of Hepliaklqana.
  3079 | D:3      | Found a stormy altar of Qazlal.
  3079 | D:3      | Found a burning altar of Makhleb.
  3079 | D:3      | Found a snail-covered altar of Cheibriados.
  3092 | D:3      | Found a glowing golden altar of the Shining One.
  3096 | D:3      | Found an opulent altar of Gozag.
  3387 | D:3      | Noticed Natasha
  3399 | D:3      | Killed Natasha
  3505 | D:3      | Reached XP level 6. HP: 11/47 MP: 8/8
  3692 | D:3      | Noticed Natasha
  3703 | D:3      | Killed Natasha
  3906 | D:3      | Noticed Natasha
  3920 | D:3      | Killed Natasha
  3921 | D:3      | Reached skill level 5 in Polearms
  3921 | D:3      | Reached skill level 5 in Evocations
  4515 | D:3      | HP: 2/47 [killer bee (8)]
  4517 | D:3      | Reached skill level 7 in Dodging
  4517 | D:3      | Reached XP level 7. HP: 11/52 MP: 10/10
  4520 | D:3      | Slain by a killer bee

Illustrated notes

Levels and vault maps discovered:
D:1:      mrwooster_arrival_statue_2, layout_loops_ring,
          shapermc_ecumenical_altar_totnotflames, minivault_23, chequers_jeans,
          amethyst_killhole
D:2:      layout_loops_ring, serial_shops, nicolae_square_shop,
          kennysheep_jessica_study
D:3:      layout_basic, minmay_overflow_temple_hex, serial_rivers,
          chequers_serial_rivers_small_3, chequers_serial_rivers_small_a,
          chequers_serial_rivers_micro_d, chequers_serial_rivers_micro_d,
          chequers_serial_rivers_large_a, chequers_serial_rivers_micro_a,
          uniq_natasha
D:4:      layout_cave_pools, nicolae_ru_path_of_blood, grunt_ministairs_13,
          kennysheep_generic_room_16, uniq_grinder

Skill      XL: |  1  2  3  4  5  6 |
---------------+-------------------+-----
Invocations    | 1 2 |  2.5
Short Blades   | 1 2 |  2.3
Long Blades    | 1 2 |  2.3
Axes           | 1 2 |  2.3
Maces & Flails | 1 2 |  2.3
Staves         | 1 2 |  2.3
Slings         | 1 2 |  2.3
Bows           | 1 2 |  2.3
Crossbows      | 1 2 |  2.3
Throwing       | 1 2 |  2.3
Stealth        | 1 2 |  2.3
Shields        | 1 2 |  2.3
Spellcasting   | 1 2 |  2.3
Conjurations   | 1 |  1.9
Hexes          | 1 |  1.9
Summonings     | 1 |  1.9
Necromancy     | 1 |  1.9
Translocations | 1 |  1.9
Transmutations | 1 |  1.9
Fire Magic     | 1 |  1.9
Ice Magic      | 1 |  1.9
Air Magic      | 1 |  1.9
Earth Magic    | 1 |  1.9
Poison Magic   | 1 |  1.9
Fighting       | 3 |  3.5
Armour         | 3 |  3.5
Unarmed Combat | 3 |  3.5
Polearms       | 5 |  5.1
Evocations     | 5 |  5.1
Dodging        | 7 |  7.0

Action                   |  1- 3 |  4- 6 |  7- 9 || total
-------------------------+-------+-------+-------++-------
Melee: Spear             |   150 |   269 |     4 ||   423
       Bite              |    12 |    23 |       ||    35
       Punch             |     5 |     7 |       ||    12
  Use: Scroll            |       |     8 |       ||     8
       Potion            |       |     2 |       ||     2
Armor: Leather armour    |    23 |    45 |     1 ||    69
Dodge: Dodged            |    95 |   144 |     3 ||   242
Block: Other             |     6 |    35 |     1 ||    42

Table legend: (Time is in decaauts)
 A = Elapsed time spent in this place.
 B = Non-inter-level travel time spent in this place.
 C = Inter-level travel time spent in this place.
 D = Time resting spent in this place.
 E = Time spent auto-exploring this place.
 F = Levels seen in this place.
 G = Mean time per level.
                   A        B        C        D        E       F      G
               +--------+--------+--------+--------+--------+-----+--------+
         Total |   4498 |   4288 |    210 |    436 |   3082 |   4 | 1124.5 |
       Dungeon |   4498 |   4288 |    210 |    436 |   3082 |   4 | 1124.5 |
               +--------+--------+--------+--------+--------+-----+--------+

Top non-repeatable levels by time:
     D:3: 1670 daAuts
     D:2: 1378 daAuts
     D:1: 1245 daAuts
     D:4: 203 daAuts
